Philadelphia Flyers vs New York Rangers
Created - Wednesday, March 5, 2025 at 08:41
Goals
|
| Philadelphia Flyers |
0 |
0 |
1 |
1 |
| New York Rangers |
4 |
0 |
1 |
5 |
|
Shots
|
| Philadelphia Flyers |
9 |
7 |
21 |
37 |
| New York Rangers |
23 |
7 |
9 |
39 |
|
1st period
1. New York Rangers , Nathan MacKinnon 9 (Artemi Panarin 11, Cam Fowler 8) at 11:36
2. New York Rangers , Nathan MacKinnon 10 (Mathew Barzal 13, Artemi Panarin 12) at 14:47
3. New York Rangers , Teuvo Teravainen 4 (Mikael Granlund 7, Brendan Smith 7) at 15:24
4. New York Rangers , Nathan MacKinnon 11 (Artemi Panarin 13, Mathew Barzal 14) at 15:42
Penalties :
Nathan MacKinnon (NYR) for Tripping (Minor) at 8:54, Matthew Benning (NYR) for Hooking (Minor) at 16:05
2nd period
No Goal
Penalties :
Jake McCabe (NYR) for Fighting (Major) at 6:56, Brett Murray (PHI) for Fighting (Major) at 6:56, Brendan Smith (NYR) for Fighting (Major) at 7:24, Brandon Duhaime (PHI) for Fighting (Major) at 7:24
3rd period
5. Philadelphia Flyers , Cody Glass 13 (Casey Cizikas 8) at 1:27
6. New York Rangers , Nathan MacKinnon 12 (Mathew Barzal 15, Cole Caufield 11) at 12:01 (PP)
Penalties :
Luke Glendening (PHI) for Tripping (Minor) at 1:56, Jack McBain (PHI) for Tripping (Minor) at 8:57, William Borgen (PHI) for Tripping (Minor) at 11:12, Joe Pavelski (NYR) for Fighting (Major) at 12:14, Joel Edmundson (PHI) for Fighting (Major) at 12:14, Joel Edmundson (PHI) for instigated a fight (Minor) at 12:14, Joel Edmundson (PHI) for instigated a fight (10 Minutes Misconduct) at 12:14, Artemi Panarin (NYR) for Fighting (Major) at 19:58, Joshua Brown (PHI) for Fighting (Major) at 19:58
Goalie Stats
Jake Allen (PHI), 34 saves from 39 shots - (0.872), L, 1-4-1, 60:00 minutes
Igor Shesterkin (NYR), 36 saves from 37 shots - (0.973), W, 10-8-3, 60:00 minutes
Players Stats for Philadelphia Flyers
Player Name G A P +/- PIM S H SB GA TA FO MP PP MP PK MP
------------------------------------------------------------------------------------
Brandon Duhaime 0 0 0 0 5 4 1 0 0 0 0/1 11:00 0:00 0:00
Brett Murray 0 0 0 -2 5 0 0 0 0 0 0/0 11:42 0:00 0:00
Casey Cizikas 0 1 1 0 0 2 2 1 1 1 17/34 19:02 1:59 3:26
Cody Glass 1 0 1 0 0 6 2 1 0 0 2/2 16:25 1:59 0:00
Fredrik Olofsson 0 0 0 -2 0 0 2 0 0 0 0/0 14:11 0:00 0:33
Jack McBain 0 0 0 -2 2 1 2 1 2 0 4/10 16:01 1:59 0:43
Jeff Skinner 0 0 0 0 0 11 1 0 1 0 0/0 17:24 1:59 0:00
Joel Edmundson 0 0 0 0 17 0 0 1 1 0 0/0 15:29 0:00 0:00
Joshua Brown 0 0 0 -2 5 0 2 1 0 1 0/0 18:16 0:00 3:33
Juuso Parssinen 0 0 0 -1 0 1 1 0 0 0 0/1 14:26 1:59 0:17
Luke Glendening 0 0 0 0 2 2 1 0 1 0 2/2 13:57 0:00 2:04
Marcus Johansson 0 0 0 -1 0 0 2 0 2 0 0/0 10:53 0:00 0:00
Radek Faksa 0 0 0 0 0 3 0 1 0 0 4/10 14:55 0:00 3:26
Sean Kuraly 0 0 0 -1 0 2 5 0 0 0 2/8 16:03 1:59 3:03
Trevor van Riemsdyk 0 0 0 -1 0 2 1 3 0 1 0/0 21:14 2:02 3:33
Vladislav Gavrikov 0 0 0 -1 0 1 1 0 0 1 0/0 22:05 1:56 3:13
William Borgen 0 0 0 0 2 1 0 1 0 2 0/0 22:35 1:56 2:39
Zac Jones 0 0 0 -2 0 1 1 2 0 0 0/0 17:29 2:02 0:34
Players Stats for New York Rangers
Player Name G A P +/- PIM S H SB GA TA FO MP PP MP PK MP
------------------------------------------------------------------------------------
Adam Larsson 0 0 0 2 0 0 0 1 0 0 0/0 19:39 0:00 1:54
Artemi Panarin 0 3 3 3 5 2 0 0 0 0 0/3 18:17 4:23 0:00
Brendan Smith 0 1 1 2 5 0 1 0 0 0 0/0 13:12 0:00 2:04
Cam Fowler 0 1 1 2 0 2 0 4 0 1 0/0 22:08 2:03 1:54
Cole Caufield 0 1 1 0 0 5 0 1 1 0 1/1 19:49 4:23 0:10
Conor Garland 0 0 0 0 0 1 0 0 1 0 1/1 9:07 0:39 0:00
David Kampf 0 0 0 0 0 1 0 0 0 0 3/4 10:24 0:00 2:00
Dylan Strome 0 0 0 0 0 1 2 0 0 1 14/22 17:29 2:23 0:00
Jake McCabe 0 0 0 -1 5 1 1 0 0 2 0/0 16:21 0:00 0:00
Jake Walman 0 0 0 -1 0 3 0 1 0 2 0/0 25:48 4:43 2:04
Joe Pavelski 0 0 0 0 5 4 1 0 1 0 0/0 13:54 1:44 0:00
Marcus Foligno 0 0 0 0 0 2 2 1 0 0 0/0 10:24 0:00 2:00
Mathew Barzal 0 3 3 3 0 0 0 0 0 1 2/2 19:05 4:43 0:00
Matthew Benning 0 0 0 2 2 1 1 0 0 0 0/0 12:39 0:00 0:00
Mikael Granlund 0 1 1 0 0 2 2 0 1 0 9/16 17:20 2:03 1:48
Nathan MacKinnon 4 0 4 3 2 7 1 0 1 0 6/14 18:15 4:23 0:00
Nikolaj Ehlers 0 0 0 0 0 4 1 0 1 0 0/2 17:36 2:23 0:13
Teuvo Teravainen 1 0 1 0 0 3 1 0 0 1 1/3 14:29 0:00 1:45
3 Stars
1 - Nathan MacKinnon (NYR)
2 - Igor Shesterkin (NYR)
3 - Mathew Barzal (NYR)
Power Play
Philadelphia Flyers - 0 on 2 Attempt(s) - 0.00%
New York Rangers - 1 on 4 Attempt(s) - 25.00%
Penalty Kill
Philadelphia Flyers - 3 on 4 Attempt(s) - 75.00%
- Score 0 goal in Penalty Kill
New York Rangers - 2 on 2 Attempt(s) - 100.00%
- Score 0 goal in Penalty Kill
Team Stat
Philadelphia Flyers - Hits : 24 - Faceoff Wins : 31 - Blocked Shots : 12 - Penalty Minutes : 38
New York Rangers - Hits : 13 - Faceoff Wins : 37 - Blocked Shots : 8 - Penalty Minutes : 24
Official
Referees : Wes Mccauley and Francis Charron
Linesman : David Brisebois and Jonathan Deschamps
Game Notes
Nathan MacKinnon has scored a Hat Trick!
Jake McCabe and Brett Murray fight to a draw at 6:56 of 2nd period
Brendan Smith and Brandon Duhaime fight to a draw at 7:24 of 2nd period
Joe Pavelski beats up Joel Edmundson at 12:14 of 3rd period
Joshua Brown beats up Artemi Panarin at 19:58 of 3rd period
Finance
Level 1 -- Attendance: 4160 (69.33%) -- Ticket Income $424,320
Level 2 -- Attendance: 3709 (74.18%) -- Ticket Income $233,667
Level 3 -- Attendance: 2040 (68.00%) -- Ticket Income $83,640
Level 4 -- Attendance: 3400 (68.00%) -- Ticket Income $95,200
Luxury Box -- Attendance: 741 (74.10%) -- Ticket Income $144,495
Game was played at the Madison Square Garden.
Total Attendance: 14050 (70.25%)
Total Ticket Income: $981,322
Other Income: $343,463
Total Income: $1,324,785
Philadelphia Flyers
5 vs 5 Forward
Center Left Wing Right Wing Time % Phy DF OF
1 Casey Cizikas Jeff Skinner Cody Glass 25 0 1 4
2 Sean Kuraly Juuso Parssinen Marcus Johansson 25 0 2 3
3 Radek Faksa Luke Glendening Brandon Duhaime 25 0 1 4
4 Jack McBain Brett Murray Fredrik Olofsson 25 0 2 3
5 vs 5 Defense
Defense Defense Time % Phy DF OF
1 Vladislav Gavrikov Trevor van Riemsdyk 35 0 2 3
2 William Borgen Joel Edmundson 35 0 2 3
3 Zac Jones Joshua Brown 30 0 2 3
4 Vladislav Gavrikov William Borgen 0 1 2 2
PowerPlay Forward
Center Left Wing Right Wing Time % Phy DF OF
1 Jack McBain Jeff Skinner Juuso Parssinen 50 0 0 5
2 Casey Cizikas Cody Glass Sean Kuraly 50 0 0 5
PowerPlay Defense
Defense Defense Time % Phy DF OF
1 William Borgen Vladislav Gavrikov 50 0 1 4
2 Zac Jones Trevor van Riemsdyk 50 0 1 4
Penalty Kill 4 Players Forward
Center Wing Time % Phy DF OF
1 Casey Cizikas Radek Faksa 50 0 5 0
2 Sean Kuraly Luke Glendening 50 0 5 0
Penalty Kill 4 Players Defense
Defense Defense Time % Phy DF OF
1 Vladislav Gavrikov William Borgen 50 0 5 0
2 Trevor van Riemsdyk Joshua Brown 50 0 5 0
Penalty Kill - 3 Players Forward
Forward Time % Phy DF OF
1 Casey Cizikas 50 0 5 0
2 Radek Faksa 50 0 5 0
Penalty Kill - 3 Players Defense
Defense Defense Time % Phy DF OF
1 Vladislav Gavrikov William Borgen 50 0 5 0
2 Trevor van Riemsdyk Joshua Brown 50 0 5 0
4 vs 4 Forward
Center Wing Time % Phy DF OF
1 Jeff Skinner Casey Cizikas 50 0 1 4
2 Jack McBain Juuso Parssinen 50 0 1 4
4 vs 4 Defense
Defense Defense Time % Phy DF OF
1 Vladislav Gavrikov William Borgen 50 0 2 3
2 Trevor van Riemsdyk Joel Edmundson 50 0 2 3
Last Minutes Offensive
Center Left Wing Right Wing Defense Defense
Casey Cizikas Jeff Skinner Jack McBain Vladislav Gavrikov William Borgen
Last Minutes Defensive
Center Left Wing Right Wing Defense Defense
Casey Cizikas Radek Faksa Sean Kuraly Vladislav Gavrikov William Borgen
Goaltenders
Starting : Jake Allen
Backup : Connor Ingram
Extra Forwards
Normal : Jack McBain, Jeff Skinner, Cody Glass - PP : Jack McBain, Jeff Skinner - PK : Jack McBain
Extra Defensemen
Normal : Vladislav Gavrikov, William Borgen, Trevor van Riemsdyk - PP : Vladislav Gavrikov - PK : Vladislav Gavrikov, William Borgen
Penalty Shots
Casey Cizikas, Cody Glass, Jeff Skinner, Juuso Parssinen, Sean Kuraly
Scratches
Chase De Leo (Healthy), Charles Hudon (Healthy), Jacob MacDonald (Healthy)
New York Rangers
5 vs 5 Forward
Center Left Wing Right Wing Time % Phy DF OF
1 Nathan MacKinnon Artemi Panarin Mathew Barzal 30 1 2 2
2 Dylan Strome Cole Caufield Nikolaj Ehlers 30 1 2 2
3 Mikael Granlund Teuvo Teravainen Joe Pavelski 25 1 2 2
4 David Kampf Conor Garland Marcus Foligno 15 1 2 2
5 vs 5 Defense
Defense Defense Time % Phy DF OF
1 Cam Fowler Adam Larsson 40 1 2 2
2 Jake McCabe Jake Walman 35 1 2 2
3 Brendan Smith Matthew Benning 25 1 2 2
4 Cam Fowler Jake McCabe 0 1 2 2
PowerPlay Forward
Center Left Wing Right Wing Time % Phy DF OF
1 Nathan MacKinnon Artemi Panarin Cole Caufield 60 1 1 3
2 Dylan Strome Joe Pavelski Nikolaj Ehlers 40 1 1 3
PowerPlay Defense
Defense Defense Time % Phy DF OF
1 Jake Walman Mathew Barzal 60 1 1 3
2 Mikael Granlund Cam Fowler 40 1 1 3
Penalty Kill 4 Players Forward
Center Wing Time % Phy DF OF
1 David Kampf Marcus Foligno 50 1 2 2
2 Mikael Granlund Teuvo Teravainen 50 1 2 2
Penalty Kill 4 Players Defense
Defense Defense Time % Phy DF OF
1 Jake Walman Brendan Smith 50 1 2 2
2 Adam Larsson Cam Fowler 50 1 2 2
Penalty Kill - 3 Players Forward
Forward Time % Phy DF OF
1 David Kampf 50 1 2 2
2 Mikael Granlund 50 1 2 2
Penalty Kill - 3 Players Defense
Defense Defense Time % Phy DF OF
1 Jake Walman Brendan Smith 50 1 2 2
2 Adam Larsson Cam Fowler 50 1 2 2
4 vs 4 Forward
Center Wing Time % Phy DF OF
1 Nathan MacKinnon Artemi Panarin 50 1 2 2
2 Dylan Strome Cole Caufield 50 1 2 2
4 vs 4 Defense
Defense Defense Time % Phy DF OF
1 Jake Walman Jake McCabe 50 1 2 2
2 Adam Larsson Cam Fowler 50 1 2 2
Last Minutes Offensive
Center Left Wing Right Wing Defense Defense
Nathan MacKinnon Artemi Panarin Mathew Barzal Cam Fowler Jake Walman
Last Minutes Defensive
Center Left Wing Right Wing Defense Defense
David Kampf Mikael Granlund Marcus Foligno Jake Walman Brendan Smith
Goaltenders
Starting : Igor Shesterkin
Backup : Casey DeSmith
Extra Forwards
Normal : Dylan Strome, Joe Pavelski, Nikolaj Ehlers - PP : Dylan Strome, Conor Garland - PK : Nikolaj Ehlers
Extra Defensemen
Normal : Brendan Smith, Jake Walman, Adam Larsson - PP : Brendan Smith - PK : Jake Walman, Adam Larsson
Penalty Shots
Artemi Panarin, Dylan Strome, Cole Caufield, Conor Garland, Nathan MacKinnon
Scratches
Kevin Lankinen (Healthy)
% Time on Ice - Philadelphia Flyers
Lines # - Real PCT - Wanted PCT - Time Play
Normal Forward
1 - 23% - 25% - 11:11
2 - 24% - 25% - 12:03
3 - 25% - 25% - 12:31
4 - 27% - 25% - 13:31
Normal Defense
1 - 32% - 35% - 15:53
2 - 37% - 35% - 18:05
3 - 30% - 30% - 15:00
4 - 1% - 0% - 0:18
PP Forward
1 - 50% - 50% - 1:59
2 - 50% - 50% - 1:59
PP Defense
1 - 49% - 50% - 1:56
2 - 51% - 50% - 2:02
PK Forward
1 - 51% - 50% - 3:26
2 - 49% - 50% - 3:20
PK Defense
1 - 48% - 50% - 3:13
2 - 52% - 50% - 3:33
PK3 Forward
1 - 0% - 50%
2 - 0% - 50%
PK3 Defense
1 - 0% - 50%
2 - 0% - 50%
44 Forward
1 - 0% - 50%
2 - 0% - 50%
44 Defense
1 - 0% - 50%
2 - 0% - 50%
Last Minute Offensive - 0:00
Last Minute Defensive - 0:00
Total
Forward - 60:00
Defense - 60:00
|
% Time on Ice - New York Rangers
Lines # - Real PCT - Wanted PCT - Time Play
Normal Forward
1 - 29% - 30% - 14:14
2 - 29% - 30% - 14:26
3 - 26% - 25% - 12:42
4 - 16% - 15% - 7:54
Normal Defense
1 - 36% - 40% - 17:53
2 - 34% - 35% - 16:54
3 - 24% - 25% - 12:04
4 - 5% - 0% - 2:25
PP Forward
1 - 65% - 60% - 4:23
2 - 35% - 40% - 2:23
PP Defense
1 - 70% - 60% - 4:43
2 - 30% - 40% - 2:03
PK Forward
1 - 50% - 50% - 2:00
2 - 50% - 50% - 1:58
PK Defense
1 - 52% - 50% - 2:04
2 - 48% - 50% - 1:54
PK3 Forward
1 - 0% - 50%
2 - 0% - 50%
PK3 Defense
1 - 0% - 50%
2 - 0% - 50%
44 Forward
1 - 0% - 50%
2 - 0% - 50%
44 Defense
1 - 0% - 50%
2 - 0% - 50%
Last Minute Offensive - 0:00
Last Minute Defensive - 0:00
Total
Forward - 60:00
Defense - 60:00
|
Play-by-Play
1st period
0:01 of 1st period - Casey Cizikas wins face-off versus Nathan MacKinnon in neutral zone.
0:26 of 1st period - Trevor van Riemsdyk is hit by Dylan Strome and loses puck.
0:35 of 1st period - Backhand shot by Nikolaj Ehlers.
0:35 of 1st period - Stopped by Jake Allen without a rebound.
0:36 of 1st period - Mikael Granlund wins face-off versus Radek Faksa in Philadelphia Flyers zone.
1:03 of 1st period - Jake McCabe is hit by Jack McBain and loses puck.
1:30 of 1st period - Nikolaj Ehlers is hit by Marcus Johansson and loses puck.
1:50 of 1st period - Off-side.
1:51 of 1st period - Jack McBain wins face-off versus Mikael Granlund in neutral zone.
3:05 of 1st period - Snap shot by Conor Garland.
3:05 of 1st period - Shot Blocked by Zac Jones.
4:25 of 1st period - Mathew Barzal is hit by Marcus Johansson and loses puck.
4:40 of 1st period - Brendan Smith is hit by Sean Kuraly and loses puck.
5:11 of 1st period - Slapshot by Artemi Panarin.
5:11 of 1st period - Stopped by Jake Allen with a rebound.
5:13 of 1st period - Slapshot by Nathan MacKinnon.
5:13 of 1st period - Stopped by Jake Allen without a rebound.
5:14 of 1st period - Dylan Strome wins face-off versus Radek Faksa in Philadelphia Flyers zone.
5:17 of 1st period - Wrist shot by Nikolaj Ehlers.
5:17 of 1st period - Shot Blocked by Trevor van Riemsdyk.
5:48 of 1st period - Wrist shot by Juuso Parssinen.
5:48 of 1st period - Shot Misses the Net.
5:50 of 1st period - Snap shot by Sean Kuraly.
5:50 of 1st period - Deflect By Jake Walman.
5:50 of 1st period - Stopped by Igor Shesterkin without a rebound.
5:51 of 1st period - Casey Cizikas wins face-off versus Mikael Granlund in New York Rangers zone.
5:54 of 1st period - Snap shot by Jeff Skinner.
5:54 of 1st period - Shot Misses the Net.
6:00 of 1st period - Slapshot by Joe Pavelski.
6:00 of 1st period - Deflect By Teuvo Teravainen.
6:00 of 1st period - Stopped by Jake Allen without a rebound.
6:01 of 1st period - Mikael Granlund wins face-off versus Casey Cizikas in Philadelphia Flyers zone.
6:08 of 1st period - Snap shot by Teuvo Teravainen.
6:08 of 1st period - Stopped by Jake Allen without a rebound.
6:09 of 1st period - David Kampf wins face-off versus Radek Faksa in Philadelphia Flyers zone.
6:12 of 1st period - Snap shot by Marcus Foligno.
6:12 of 1st period - Stopped by Jake Allen without a rebound.
6:13 of 1st period - Conor Garland wins face-off versus Radek Faksa in Philadelphia Flyers zone.
6:16 of 1st period - Snap shot by Conor Garland.
6:16 of 1st period - Stopped by Jake Allen with a rebound.
6:18 of 1st period - Snap shot by Cam Fowler.
6:18 of 1st period - Stopped by Jake Allen with a rebound.
6:20 of 1st period - Wrist shot by Marcus Foligno.
6:20 of 1st period - Deflect By David Kampf.
6:20 of 1st period - Stopped by Jake Allen with a rebound.
6:40 of 1st period - Snap shot by Jack McBain.
6:40 of 1st period - Stopped by Igor Shesterkin without a rebound.
6:41 of 1st period - Dylan Strome wins face-off versus Jack McBain in New York Rangers zone.
7:18 of 1st period - Wrist shot by Cole Caufield.
7:18 of 1st period - Stopped by Jake Allen with a rebound.
7:20 of 1st period - Slapshot by Cam Fowler.
7:20 of 1st period - Stopped by Jake Allen with a rebound.
7:34 of 1st period - Brett Murray is hit by Dylan Strome and loses puck.
7:45 of 1st period - Wrist shot by Dylan Strome.
7:45 of 1st period - Shot Blocked by Jack McBain.
7:47 of 1st period - Wrist shot by Cole Caufield.
7:47 of 1st period - Shot Misses the Net.
7:49 of 1st period - Slapshot by Brendan Smith.
7:49 of 1st period - Deflect By Dylan Strome.
7:49 of 1st period - Shot Misses the Net.
7:49 of 1st period - Puck is out of play.
7:50 of 1st period - Casey Cizikas wins face-off versus Mikael Granlund in Philadelphia Flyers zone.
7:50 of 1st period - Casey Cizikas is hit by Mikael Granlund.
8:54 of 1st period - Minor Penalty to Nathan MacKinnon for Tripping.
8:55 of 1st period - Casey Cizikas wins face-off versus David Kampf in New York Rangers zone.
8:58 of 1st period - Slapshot by Casey Cizikas.
8:58 of 1st period - Shot Blocked by Jake Walman.
9:00 of 1st period - Wrist shot by Sean Kuraly.
9:00 of 1st period - Deflect By Casey Cizikas.
9:00 of 1st period - Shot Misses the Net.
9:00 of 1st period - Puck is out of play.
9:01 of 1st period - David Kampf wins face-off versus Casey Cizikas in New York Rangers zone.
9:01 of 1st period - David Kampf is hit by Zac Jones.
9:51 of 1st period - Cam Fowler is hit by Sean Kuraly and loses puck.
10:45 of 1st period - Icing by William Borgen.
10:46 of 1st period - Jack McBain wins face-off versus Nikolaj Ehlers in Philadelphia Flyers zone.
10:54 of 1st period - Penalty to Nathan MacKinnon is over, Nathan MacKinnon is back on ice.
11:09 of 1st period - Brandon Duhaime is hit by Nikolaj Ehlers and loses puck.
11:26 of 1st period - Cam Fowler is hit by Jack McBain.
11:36 of 1st period - Snap shot by Nathan MacKinnon.
11:36 of 1st period - Goal by Nathan MacKinnon - Philadelphia Flyers : 0 - New York Rangers : 1.
11:37 of 1st period - Mikael Granlund wins face-off versus Casey Cizikas in neutral zone.
11:46 of 1st period - Snap shot by Joe Pavelski.
11:46 of 1st period - Shot Blocked by Casey Cizikas.
12:12 of 1st period - Wrist shot by Juuso Parssinen.
12:12 of 1st period - Deflect By Marcus Johansson.
12:12 of 1st period - Shot Blocked by Cam Fowler.
12:12 of 1st period - Puck is out of play.
12:13 of 1st period - Dylan Strome wins face-off versus Sean Kuraly in New York Rangers zone.
12:20 of 1st period - Snap shot by Cole Caufield.
12:20 of 1st period - Stopped by Jake Allen with a rebound.
12:22 of 1st period - Slapshot by Jake McCabe.
12:22 of 1st period - Stopped by Jake Allen without a rebound.
12:23 of 1st period - Dylan Strome wins face-off versus Sean Kuraly in Philadelphia Flyers zone.
12:54 of 1st period - Slapshot by Casey Cizikas.
12:54 of 1st period - Shot Misses the Net.
12:56 of 1st period - Wrist shot by Cody Glass.
12:56 of 1st period - Shot Misses the Net.
12:58 of 1st period - Snap shot by Cody Glass.
12:58 of 1st period - Shot Misses the Net.
13:05 of 1st period - Icing by Mikael Granlund.
13:06 of 1st period - Radek Faksa wins face-off versus Artemi Panarin in New York Rangers zone.
13:21 of 1st period - Wrist shot by Brandon Duhaime.
13:21 of 1st period - Shot Misses the Net.
13:55 of 1st period - Snap shot by Marcus Foligno.
13:55 of 1st period - Stopped by Jake Allen without a rebound.
13:56 of 1st period - David Kampf wins face-off versus Brandon Duhaime in Philadelphia Flyers zone.
14:01 of 1st period - Wrist shot by Marcus Foligno.
14:01 of 1st period - Shot Blocked by Radek Faksa.
14:09 of 1st period - Snap shot by Luke Glendening.
14:09 of 1st period - Deflect By Radek Faksa.
14:09 of 1st period - Shot Misses the Net.
14:09 of 1st period - Puck is out of play.
14:10 of 1st period - Casey Cizikas wins face-off versus Mikael Granlund in New York Rangers zone.
14:13 of 1st period - Snap shot by Cody Glass.
14:13 of 1st period - Stopped by Igor Shesterkin with a rebound.
14:45 of 1st period - Wrist shot by Mathew Barzal.
14:45 of 1st period - Shot Misses the Net.
14:47 of 1st period - Backhand shot by Nathan MacKinnon.
14:47 of 1st period - Goal by Nathan MacKinnon - Philadelphia Flyers : 0 - New York Rangers : 2.
14:48 of 1st period - Dylan Strome wins face-off versus Radek Faksa in neutral zone.
15:00 of 1st period - Snap shot by Radek Faksa.
15:00 of 1st period - Shot Misses the Net.
15:02 of 1st period - Snap shot by Radek Faksa.
15:02 of 1st period - Shot Blocked by Cam Fowler.
15:04 of 1st period - Wrist shot by Brandon Duhaime.
15:04 of 1st period - Stopped by Igor Shesterkin without a rebound.
15:05 of 1st period - Mikael Granlund wins face-off versus Jack McBain in New York Rangers zone.
15:12 of 1st period - Wrist shot by Joe Pavelski.
15:12 of 1st period - Stopped by Jake Allen without a rebound.
15:13 of 1st period - Mikael Granlund wins face-off versus Jack McBain in Philadelphia Flyers zone.
15:18 of 1st period - Backhand shot by Joe Pavelski.
15:18 of 1st period - Shot Blocked by Trevor van Riemsdyk.
15:20 of 1st period - Snap shot by Brendan Smith.
15:20 of 1st period - Shot Misses the Net.
15:22 of 1st period - Wrist shot by Mikael Granlund.
15:22 of 1st period - Shot Blocked by Trevor van Riemsdyk.
15:24 of 1st period - Snap shot by Teuvo Teravainen.
15:24 of 1st period - Goal by Teuvo Teravainen - Philadelphia Flyers : 0 - New York Rangers : 3.
15:25 of 1st period - Casey Cizikas wins face-off versus Nathan MacKinnon in neutral zone.
15:34 of 1st period - Wrist shot by Jeff Skinner.
15:34 of 1st period - Stopped by Igor Shesterkin without a rebound.
15:35 of 1st period - Mathew Barzal wins face-off versus Casey Cizikas in New York Rangers zone.
15:42 of 1st period - Wrist shot by Nathan MacKinnon.
15:42 of 1st period - Goal by Nathan MacKinnon - Philadelphia Flyers : 0 - New York Rangers : 4.
15:43 of 1st period - Dylan Strome wins face-off versus Radek Faksa in neutral zone.
15:53 of 1st period - Wrist shot by Luke Glendening.
15:53 of 1st period - Stopped by Igor Shesterkin with a rebound.
16:05 of 1st period - Minor Penalty to Matthew Benning for Hooking.
16:06 of 1st period - Mikael Granlund wins face-off versus Jack McBain in New York Rangers zone.
16:35 of 1st period - Snap shot by Teuvo Teravainen.
16:35 of 1st period - Deflect By Mikael Granlund.
16:35 of 1st period - Stopped by Jake Allen with a rebound.
16:41 of 1st period - Mikael Granlund is hit by Casey Cizikas and loses puck.
17:31 of 1st period - Brendan Smith is hit by Cody Glass and loses puck.
18:05 of 1st period - Penalty to Matthew Benning is over, Matthew Benning is back on ice.
18:16 of 1st period - Radek Faksa is hit by Jake McCabe and loses puck.
18:25 of 1st period - Artemi Panarin is hit by Luke Glendening and loses puck.
18:41 of 1st period - Matthew Benning is hit by Fredrik Olofsson and loses puck.
18:49 of 1st period - Icing by Brendan Smith.
18:50 of 1st period - Radek Faksa wins face-off versus Nathan MacKinnon in New York Rangers zone.
18:51 of 1st period - Snap shot by Luke Glendening.
18:51 of 1st period - Stopped by Igor Shesterkin with a rebound.
18:59 of 1st period - Wrist shot by Mathew Barzal.
18:59 of 1st period - Deflect By Artemi Panarin.
18:59 of 1st period - Stopped by Jake Allen without a rebound.
19:00 of 1st period - Mikael Granlund wins face-off versus Jack McBain in Philadelphia Flyers zone.
19:03 of 1st period - Slapshot by Joe Pavelski.
19:03 of 1st period - Stopped by Jake Allen with a rebound.
19:27 of 1st period - Snap shot by Jeff Skinner.
19:27 of 1st period - Stopped by Igor Shesterkin with a rebound.
19:29 of 1st period - Wrist shot by Zac Jones.
19:29 of 1st period - Stopped by Igor Shesterkin without a rebound.
19:30 of 1st period - Sean Kuraly wins face-off versus Dylan Strome in New York Rangers zone.
19:31 of 1st period - Wrist shot by Marcus Johansson.
19:31 of 1st period - Shot Misses the Net.
19:47 of 1st period - Snap shot by Nikolaj Ehlers.
19:47 of 1st period - Stopped by Jake Allen with a rebound.
Goals for this period are 0 for Philadelphia Flyers vs 4 for New York Rangers.
Shots for this period are 9 for Philadelphia Flyers vs 23 for New York Rangers.
2nd period
0:01 of 2nd period - Mikael Granlund wins face-off versus Casey Cizikas in neutral zone.
0:12 of 2nd period - Wrist shot by Joe Pavelski.
0:12 of 2nd period - Stopped by Jake Allen without a rebound.
0:13 of 2nd period - Teuvo Teravainen wins face-off versus Juuso Parssinen in Philadelphia Flyers zone.
0:43 of 2nd period - Mikael Granlund is hit by Sean Kuraly and loses puck.
0:49 of 2nd period - Off-side.
0:50 of 2nd period - Dylan Strome wins face-off versus Casey Cizikas in neutral zone.
0:55 of 2nd period - Snap shot by Cody Glass.
0:55 of 2nd period - Stopped by Igor Shesterkin without a rebound.
0:56 of 2nd period - Casey Cizikas wins face-off versus Dylan Strome in New York Rangers zone.
1:01 of 2nd period - Snap shot by Jeff Skinner.
1:01 of 2nd period - Stopped by Igor Shesterkin without a rebound.
1:02 of 2nd period - Radek Faksa wins face-off versus Nathan MacKinnon in New York Rangers zone.
1:13 of 2nd period - Snap shot by Luke Glendening.
1:13 of 2nd period - Shot Blocked by Cam Fowler.
1:49 of 2nd period - Snap shot by Jeff Skinner.
1:49 of 2nd period - Shot Blocked by Marcus Foligno.
1:51 of 2nd period - Snap shot by Jeff Skinner.
1:51 of 2nd period - Shot Misses the Net.
2:55 of 2nd period - Snap shot by Cole Caufield.
2:55 of 2nd period - Shot Misses the Net.
2:57 of 2nd period - Snap shot by Cole Caufield.
2:57 of 2nd period - Shot Misses the Net.
2:59 of 2nd period - Slapshot by Nikolaj Ehlers.
2:59 of 2nd period - Stopped by Jake Allen with a rebound.
3:15 of 2nd period - Snap shot by Mikael Granlund.
3:15 of 2nd period - Stopped by Jake Allen with a rebound.
3:27 of 2nd period - Matthew Benning is hit by Trevor van Riemsdyk and loses puck.
3:46 of 2nd period - David Kampf is hit by Brandon Duhaime and loses puck.
3:53 of 2nd period - Slapshot by Radek Faksa.
3:53 of 2nd period - Shot Misses the Net.
3:55 of 2nd period - Slapshot by Vladislav Gavrikov.
3:55 of 2nd period - Shot Blocked by Adam Larsson.
3:57 of 2nd period - Slapshot by Trevor van Riemsdyk.
3:57 of 2nd period - Stopped by Igor Shesterkin without a rebound.
3:58 of 2nd period - Cody Glass wins face-off versus Dylan Strome in New York Rangers zone.
4:05 of 2nd period - Slapshot by Jeff Skinner.
4:05 of 2nd period - Stopped by Igor Shesterkin without a rebound.
4:06 of 2nd period - Casey Cizikas wins face-off versus Dylan Strome in New York Rangers zone.
4:09 of 2nd period - Snap shot by Jeff Skinner.
4:09 of 2nd period - Stopped by Igor Shesterkin without a rebound.
4:10 of 2nd period - Jack McBain wins face-off versus Dylan Strome in New York Rangers zone.
4:21 of 2nd period - Backhand shot by Brett Murray.
4:21 of 2nd period - Shot Misses the Net.
4:37 of 2nd period - Joshua Brown is hit by Brendan Smith and loses puck.
4:48 of 2nd period - Snap shot by Brandon Duhaime.
4:48 of 2nd period - Stopped by Igor Shesterkin with a rebound.
5:09 of 2nd period - Slapshot by Joe Pavelski.
5:09 of 2nd period - Stopped by Jake Allen with a rebound.
5:28 of 2nd period - William Borgen is hit by Marcus Foligno and loses puck.
6:56 of 2nd period - Jake McCabe and Brett Murray fight to a draw.
6:56 of 2nd period - Penalty to Jake McCabe for Fighting.
6:56 of 2nd period - Penalty to Brett Murray for Fighting.
6:57 of 2nd period - Dylan Strome wins face-off versus Sean Kuraly in New York Rangers zone.
7:12 of 2nd period - Dylan Strome is hit by Sean Kuraly and loses puck.
7:24 of 2nd period - Brendan Smith and Brandon Duhaime fight to a draw.
7:24 of 2nd period - Penalty to Brendan Smith for Fighting.
7:24 of 2nd period - Penalty to Brandon Duhaime for Fighting.
7:25 of 2nd period - Jack McBain wins face-off versus Artemi Panarin in New York Rangers zone.
8:55 of 2nd period - Wrist shot by Jeff Skinner.
8:55 of 2nd period - Stopped by Igor Shesterkin with a rebound.
9:11 of 2nd period - Wrist shot by Nathan MacKinnon.
9:11 of 2nd period - Shot Blocked by Joshua Brown.
9:58 of 2nd period - Mathew Barzal is hit by Joshua Brown and loses puck.
10:05 of 2nd period - Zac Jones is hit by Matthew Benning and loses puck.
10:22 of 2nd period - Wrist shot by Artemi Panarin.
10:22 of 2nd period - Shot Misses the Net.
11:00 of 2nd period - Wrist shot by Artemi Panarin.
11:00 of 2nd period - Shot Misses the Net.
11:02 of 2nd period - Snap shot by Mathew Barzal.
11:02 of 2nd period - Shot Misses the Net.
11:04 of 2nd period - Wrist shot by Nathan MacKinnon.
11:04 of 2nd period - Stopped by Jake Allen with a rebound.
11:06 of 2nd period - Slapshot by Matthew Benning.
11:06 of 2nd period - Stopped by Jake Allen with a rebound.
11:08 of 2nd period - Slapshot by Jake Walman.
11:08 of 2nd period - Shot Misses the Net.
11:10 of 2nd period - Slapshot by Jake Walman.
11:10 of 2nd period - Deflect By Artemi Panarin.
11:10 of 2nd period - Shot Misses the Net.
11:10 of 2nd period - Puck is out of play.
11:11 of 2nd period - Cody Glass wins face-off versus Nikolaj Ehlers in Philadelphia Flyers zone.
11:28 of 2nd period - Slapshot by Nikolaj Ehlers.
11:28 of 2nd period - Stopped by Jake Allen with a rebound.
11:47 of 2nd period - Juuso Parssinen is hit by Mikael Granlund and loses puck.
13:04 of 2nd period - Brandon Duhaime is hit by Marcus Foligno.
17:55 of 2nd period - Conor Garland is hit by Cody Glass and loses puck.
19:34 of 2nd period - Mikael Granlund is hit by Joshua Brown and loses puck.
Goals for this period are 0 for Philadelphia Flyers vs 0 for New York Rangers.
Shots for this period are 7 for Philadelphia Flyers vs 7 for New York Rangers.
3rd period
0:01 of 3rd period - Casey Cizikas wins face-off versus Dylan Strome in neutral zone.
0:28 of 3rd period - Radek Faksa is hit by Teuvo Teravainen.
0:34 of 3rd period - Snap shot by Radek Faksa.
0:34 of 3rd period - Stopped by Igor Shesterkin without a rebound.
0:35 of 3rd period - Dylan Strome wins face-off versus Jack McBain in New York Rangers zone.
1:07 of 3rd period - Slapshot by Brendan Smith.
1:07 of 3rd period - Shot Misses the Net.
1:09 of 3rd period - Slapshot by Cole Caufield.
1:09 of 3rd period - Stopped by Jake Allen with a rebound.
1:11 of 3rd period - Wrist shot by Cole Caufield.
1:11 of 3rd period - Stopped by Jake Allen without a rebound.
1:12 of 3rd period - Casey Cizikas wins face-off versus Teuvo Teravainen in Philadelphia Flyers zone.
1:27 of 3rd period - Wrist shot by Cody Glass.
1:27 of 3rd period - Goal by Cody Glass - Philadelphia Flyers : 1 - New York Rangers : 4.
1:28 of 3rd period - Dylan Strome wins face-off versus Casey Cizikas in neutral zone.
1:33 of 3rd period - Wrist shot by Cole Caufield.
1:33 of 3rd period - Shot Blocked by Joel Edmundson.
1:56 of 3rd period - Minor Penalty to Luke Glendening for Tripping.
1:57 of 3rd period - Casey Cizikas wins face-off versus Nathan MacKinnon in Philadelphia Flyers zone.
3:25 of 3rd period - Joe Pavelski is hit by Juuso Parssinen and loses puck.
3:30 of 3rd period - Wrist shot by Juuso Parssinen.
3:30 of 3rd period - Stopped by Igor Shesterkin with a rebound.
3:32 of 3rd period - Snap shot by Juuso Parssinen.
3:32 of 3rd period - Shot Misses the Net.
3:56 of 3rd period - Penalty to Luke Glendening is over, Luke Glendening is back on ice.
4:58 of 3rd period - Artemi Panarin is hit by Fredrik Olofsson.
6:14 of 3rd period - William Borgen is hit by Joe Pavelski and loses puck.
6:47 of 3rd period - Nathan MacKinnon is hit by Vladislav Gavrikov and loses puck.
7:02 of 3rd period - Wrist shot by Brandon Duhaime.
7:02 of 3rd period - Deflect By Radek Faksa.
7:02 of 3rd period - Shot Misses the Net.
7:02 of 3rd period - Puck is out of play.
7:03 of 3rd period - Luke Glendening wins face-off versus Dylan Strome in New York Rangers zone.
7:04 of 3rd period - Slapshot by Radek Faksa.
7:04 of 3rd period - Stopped by Igor Shesterkin with a rebound.
7:06 of 3rd period - Slapshot by Zac Jones.
7:06 of 3rd period - Shot Blocked by Cam Fowler.
7:12 of 3rd period - Wrist shot by Brandon Duhaime.
7:12 of 3rd period - Shot Blocked by Cole Caufield.
7:14 of 3rd period - Slapshot by Brandon Duhaime.
7:14 of 3rd period - Stopped by Igor Shesterkin with a rebound.
7:16 of 3rd period - Slapshot by Brandon Duhaime.
7:16 of 3rd period - Stopped by Igor Shesterkin without a rebound.
7:17 of 3rd period - Casey Cizikas wins face-off versus Teuvo Teravainen in New York Rangers zone.
7:22 of 3rd period - Wrist shot by Jeff Skinner.
7:22 of 3rd period - Deflect By Casey Cizikas.
7:22 of 3rd period - Stopped by Igor Shesterkin with a rebound.
7:24 of 3rd period - Snap shot by Cody Glass.
7:24 of 3rd period - Stopped by Igor Shesterkin without a rebound.
7:25 of 3rd period - Casey Cizikas wins face-off versus Mikael Granlund in New York Rangers zone.
7:26 of 3rd period - Snap shot by Jeff Skinner.
7:26 of 3rd period - Stopped by Igor Shesterkin with a rebound.
7:28 of 3rd period - Slapshot by Vladislav Gavrikov.
7:28 of 3rd period - Shot Misses the Net.
7:30 of 3rd period - Slapshot by Trevor van Riemsdyk.
7:30 of 3rd period - Stopped by Igor Shesterkin with a rebound.
7:32 of 3rd period - Slapshot by Cody Glass.
7:32 of 3rd period - Shot Misses the Net.
7:34 of 3rd period - Slapshot by Vladislav Gavrikov.
7:34 of 3rd period - Stopped by Igor Shesterkin without a rebound.
7:35 of 3rd period - Dylan Strome wins face-off versus Casey Cizikas in New York Rangers zone.
7:37 of 3rd period - Icing by Nikolaj Ehlers.
7:38 of 3rd period - Dylan Strome wins face-off versus Casey Cizikas in New York Rangers zone.
7:47 of 3rd period - Wrist shot by Cody Glass.
7:47 of 3rd period - Stopped by Igor Shesterkin without a rebound.
7:48 of 3rd period - Dylan Strome wins face-off versus Casey Cizikas in New York Rangers zone.
8:13 of 3rd period - Mathew Barzal is hit by Sean Kuraly and loses puck.
8:57 of 3rd period - Minor Penalty to Jack McBain for Tripping.
8:58 of 3rd period - Nathan MacKinnon wins face-off versus Casey Cizikas in Philadelphia Flyers zone.
9:08 of 3rd period - Slapshot by Jake Walman.
9:08 of 3rd period - Stopped by Jake Allen without a rebound.
9:09 of 3rd period - Nathan MacKinnon wins face-off versus Casey Cizikas in Philadelphia Flyers zone.
10:08 of 3rd period - Backhand shot by Sean Kuraly.
10:08 of 3rd period - Stopped by Igor Shesterkin with a rebound.
10:57 of 3rd period - Penalty to Jack McBain is over, Jack McBain is back on ice.
11:12 of 3rd period - Minor Penalty to William Borgen for Tripping.
11:13 of 3rd period - Casey Cizikas wins face-off versus Nathan MacKinnon in Philadelphia Flyers zone.
11:21 of 3rd period - Off-side.
11:22 of 3rd period - Cole Caufield wins face-off versus Casey Cizikas in neutral zone.
12:01 of 3rd period - Wrist shot by Nathan MacKinnon.
12:01 of 3rd period - Goal by Nathan MacKinnon - Philadelphia Flyers : 1 - New York Rangers : 5.
12:02 of 3rd period - Casey Cizikas wins face-off versus Mikael Granlund in neutral zone.
12:05 of 3rd period - Wrist shot by Jeff Skinner.
12:05 of 3rd period - Stopped by Igor Shesterkin with a rebound.
12:07 of 3rd period - Wrist shot by Casey Cizikas.
12:07 of 3rd period - Stopped by Igor Shesterkin with a rebound.
12:09 of 3rd period - Slapshot by Joel Edmundson.
12:09 of 3rd period - Shot Misses the Net.
12:11 of 3rd period - Snap shot by Cody Glass.
12:11 of 3rd period - Stopped by Igor Shesterkin with a rebound.
12:13 of 3rd period - Wrist shot by Jeff Skinner.
12:13 of 3rd period - Stopped by Igor Shesterkin with a rebound.
12:14 of 3rd period - Joe Pavelski beats up Joel Edmundson.
12:14 of 3rd period - Penalty to Joe Pavelski for Fighting.
12:14 of 3rd period - Penalty to Joel Edmundson for Fighting.
12:14 of 3rd period - Penalty to Joel Edmundson for instigated a fight.
12:14 of 3rd period - Penalty to Joel Edmundson for instigated a fight.
12:15 of 3rd period - Nathan MacKinnon wins face-off versus Casey Cizikas in New York Rangers zone.
12:26 of 3rd period - Slapshot by Artemi Panarin.
12:26 of 3rd period - Shot Blocked by William Borgen.
12:28 of 3rd period - Slapshot by Jake Walman.
12:28 of 3rd period - Stopped by Jake Allen without a rebound.
12:29 of 3rd period - Nathan MacKinnon wins face-off versus Sean Kuraly in Philadelphia Flyers zone.
12:34 of 3rd period - Wrist shot by Nathan MacKinnon.
12:34 of 3rd period - Stopped by Jake Allen without a rebound.
12:35 of 3rd period - Nathan MacKinnon wins face-off versus Sean Kuraly in Philadelphia Flyers zone.
13:22 of 3rd period - Slapshot by William Borgen.
13:22 of 3rd period - Stopped by Igor Shesterkin without a rebound.
13:23 of 3rd period - Casey Cizikas wins face-off versus Nathan MacKinnon in New York Rangers zone.
13:40 of 3rd period - Radek Faksa is hit by Nathan MacKinnon and loses puck.
13:54 of 3rd period - Slapshot by Artemi Panarin.
13:54 of 3rd period - Deflect By Nathan MacKinnon.
13:54 of 3rd period - Shot Misses the Net.
13:54 of 3rd period - Puck is out of play.
13:55 of 3rd period - Dylan Strome wins face-off versus Sean Kuraly in Philadelphia Flyers zone.
14:00 of 3rd period - Wrist shot by Dylan Strome.
14:00 of 3rd period - Stopped by Jake Allen without a rebound.
14:01 of 3rd period - Sean Kuraly wins face-off versus Dylan Strome in Philadelphia Flyers zone.
14:14 of 3rd period - Penalty to Joel Edmundson is over, Jack McBain is send on ice.
14:28 of 3rd period - Backhand shot by Jeff Skinner.
14:28 of 3rd period - Stopped by Igor Shesterkin without a rebound.
14:29 of 3rd period - Mikael Granlund wins face-off versus Casey Cizikas in New York Rangers zone.
14:29 of 3rd period - Mikael Granlund is hit by Casey Cizikas.
14:32 of 3rd period - Icing by Teuvo Teravainen.
14:33 of 3rd period - Casey Cizikas wins face-off versus Mikael Granlund in New York Rangers zone.
14:34 of 3rd period - Wrist shot by Cody Glass.
14:34 of 3rd period - Shot Misses the Net.
14:50 of 3rd period - Wrist shot by Cole Caufield.
14:50 of 3rd period - Shot Blocked by Cody Glass.
14:52 of 3rd period - Slapshot by Adam Larsson.
14:52 of 3rd period - Deflect By Cole Caufield.
14:52 of 3rd period - Stopped by Jake Allen without a rebound.
14:53 of 3rd period - Luke Glendening wins face-off versus Nathan MacKinnon in Philadelphia Flyers zone.
16:01 of 3rd period - Wrist shot by Nikolaj Ehlers.
16:01 of 3rd period - Shot Misses the Net.
16:03 of 3rd period - Snap shot by Jake Walman.
16:03 of 3rd period - Shot Misses the Net.
16:07 of 3rd period - Snap shot by Cole Caufield.
16:07 of 3rd period - Shot Misses the Net.
16:13 of 3rd period - Snap shot by Dylan Strome.
16:13 of 3rd period - Shot Blocked by Zac Jones.
16:15 of 3rd period - Snap shot by Jake Walman.
16:15 of 3rd period - Stopped by Jake Allen without a rebound.
16:16 of 3rd period - Mathew Barzal wins face-off versus Casey Cizikas in Philadelphia Flyers zone.
16:29 of 3rd period - Snap shot by Jeff Skinner.
16:29 of 3rd period - Stopped by Igor Shesterkin with a rebound.
16:31 of 3rd period - Snap shot by Jeff Skinner.
16:31 of 3rd period - Shot Misses the Net.
19:57 of 3rd period - Snap shot by Radek Faksa.
19:57 of 3rd period - Stopped by Igor Shesterkin without a rebound.
19:58 of 3rd period - Radek Faksa wins face-off versus Artemi Panarin in New York Rangers zone.
19:58 of 3rd period - Joshua Brown beats up Artemi Panarin.
19:58 of 3rd period - Penalty to Artemi Panarin for Fighting.
19:58 of 3rd period - Penalty to Joshua Brown for Fighting.
19:59 of 3rd period - Nathan MacKinnon wins face-off versus Casey Cizikas in New York Rangers zone.
19:59 of 3rd period - Nathan MacKinnon is hit by Jeff Skinner.
Goals for this period are 1 for Philadelphia Flyers vs 1 for New York Rangers.
Shots for this period are 21 for Philadelphia Flyers vs 9 for New York Rangers.
Back to the Top